 Dungeon Crawl Stone Soup version 0.25.1-2-g60ff931df9 (webtiles) character file.

Game seed: 5912363327142975348

39 pokeman the Magician (level 3, 0/20 HPs)
             Began as a Deep Elf Wizard on Oct 29, 2020.
             Killed from afar by Natasha (7 damage)
             ... with a magic dart
             ... on level 2 of the Dungeon.
             The game lasted 00:02:18 (1619 turns).

pokeman the Magician (Deep Elf Wizard)              Turns: 1619, Time: 00:02:19

Health: 0/20       AC:  2    Str:  4    XL:     3   Next: 26%
Magic:  3/11       EV: 13    Int: 23    God:
Gold:   56         SH:  0    Dex: 13    Spells: 1/12 levels left

rFire    . . .     SeeInvis .   n - +3 short sword
rCold    . . .     Gourm    .   (no shield)
rNeg     . . .     Faith    .   a - +0 robe
rPois    .         Spirit   .   b - +0 hat
rElec    .         Reflect  .   (no cloak)
rCorr    .         Harm     .   (no gloves)
MR       .....                  (no boots)
Stlth    ++........             (no amulet)
HPRegen  0.06/turn              (no ring)
MPRegen  0.12/turn              (no ring)

@: slowed, very slow
A: no striking features
a: no special abilities


You were on level 2 of the Dungeon.
You were very hungry.

You visited 1 branch of the dungeon, and saw 2 of its levels.

You collected 56 gold pieces.

Inventory:

Hand Weapons
 n - a +3 short sword (weapon)
Missiles
 p - 28 bolts
Armour
 a - a +0 robe (worn)
 b - a +0 hat (worn)
Jewellery
 m - an uncursed ring of see invisible {unknown}
Scrolls
 c - a scroll of magic mapping {unknown}
 e - a scroll of noise {unknown}
 f - a scroll of teleportation {unknown}
 h - a scroll of fear {unknown}
 i - a scroll of immolation {unknown}
 k - a scroll of remove curse {unknown}
 q - a scroll of fog {unknown}
Potions
 g - a potion of might {unknown}
 j - a potion of lignification {unknown}
 l - 2 potions of haste {unknown}
 o - a potion of heal wounds
 r - a potion of curing {unknown}
Comestibles
 d - a ration


   Skills:
 + Level 0.9 Fighting
 + Level 0.9 Armour
 - Level 2.4 Dodging
 - Level 2.4 Stealth
 * Level 5.1 Spellcasting
 + Level 1.8 Conjurations
 - Level 1.1 Summonings
 - Level 1.1 Translocations


You had one spell level left.
You knew the following spells:

 Your Spells              Type           Power        Failure   Level  Hunger
a - Magic Dart            Conj           ##..         4%          1    None
b - Mephitic Cloud        Conj/Pois/Air  #.......     22%         3    ##.....
c - Call Imp              Summ           ##......     9%          2    None
d - Blink                 Tloc           N/A          9%          2    None
e - Conjure Flame         Conj/Fire      ##......     19%         3    ##.....

Your spell library contained the following spells:

 Spells                   Type           Power        Failure   Level  Hunger
 Slow                     Hex            #.......     14%         2    None


Dungeon Overview and Level Annotations

Branches:
Dungeon (2/15)

Altars:
Wu Jian

Annotations:
D:2 Natasha, Sigmund


Message History

Natasha barely misses you.
Casting: Magic Dart (safe; 4% risk of failure)
Confirm with . or Enter, or press ? or * to list all spells.
Aiming: Magic Dart (safe; 4% risk of failure)
Press: ? - help, Shift-Dir - straight line, f/p - Natasha
Aim: Natasha, carrying a wand of random effects (22) (lightly wounded)
The magic dart hits Natasha but does no damage.
Natasha is lightly wounded.
Natasha casts a spell at you. The magic dart hits you!
Casting: Magic Dart (safe; 4% risk of failure)
Confirm with . or Enter, or press ? or * to list all spells.
Aiming: Magic Dart (safe; 4% risk of failure)
Press: ? - help, Shift-Dir - straight line, f/p - Natasha
Aim: Natasha, carrying a wand of random effects (22) (lightly wounded)
The magic dart hits Natasha.
Natasha is moderately wounded.
Natasha stares at you and mumbles some strange words.
The magic dart hits you!
You die...

####.###...# #.#
.....# ##### #.#
.##### #.#### ##
#############....#
.####..........###...#
................##...#
###..............#...#
.#.............5.....#
.....†.........h@#...#
..#..............#...#
#................#####
###.............##
.####..........## .#
######.##### .#####
#... .....#########
####.........#


You could see an iron imp (summoned) and Natasha.

Vanquished Creatures
  Natasha (D:2)
  A worm (D:2)
  2 ball pythons
  2 goblins (D:1)
  A kobold (D:2)
  A bat (D:1)
  4 frilled lizards
  2 rats
14 creatures vanquished.

Notes
Turn   | Place    | Note
-------+----------+-------------------------------------------
     0 | D:1      | pokeman the Deep Elf Wizard began the quest for the Orb.
     0 | D:1      | Reached XP level 1. HP: 10/10 MP: 7/7
   820 | D:2      | Found an ornate altar of the Wu Jian Council.
   845 | D:2      | Reached XP level 2. HP: 15/15 MP: 7/9
  1109 | D:2      | Found a faded altar of an unknown god.
  1172 | D:2      | Noticed Natasha
  1180 | D:2      | Killed Natasha
  1180 | D:2      | Reached skill level 5 in Spellcasting
  1180 | D:2      | Reached XP level 3. HP: 9/20 MP: 1/11
  1185 | D:2      | Learned a level 3 spell: Mephitic Cloud
  1188 | D:2      | Learned a level 2 spell: Call Imp
  1191 | D:2      | Learned a level 2 spell: Blink
  1195 | D:2      | Learned a level 3 spell: Conjure Flame
  1389 | D:2      | Noticed Sigmund
  1610 | D:2      | Noticed Natasha
  1619 | D:2      | Killed from afar by Natasha

Illustrated notes

Levels and vault maps discovered:
D:1:      mrwooster_arrival_arrow, layout_basic, lemuel_another_geyser
D:2:      layout_rooms, lemuel_crystal_altar, serial_rivers,
          chequers_serial_rivers_room_a, chequers_serial_rivers_small_b,
          chequers_serial_rivers_small_3, chequers_serial_rivers_micro_b,
          chequers_serial_rivers_micro_b, chequers_ecumenical_altar_grove,
          uniq_natasha, uniq_sigmund

Skill      XL: |  1  2 |
---------------+-------+-----
Spellcasting   | 5 |  5.1
Fighting       | |  0.9
Armour         | |  0.9
Dodging        | |  2.4
Stealth        | |  2.4
Conjurations   | |  1.8
Summonings     | |  1.1
Translocations | |  1.1

Action                   || total
-------------------------++-------
Melee: Short sword       ||     2
 Cast: Magic Dart        ||    39
       Conjure Flame     ||     2
       Mephitic Cloud    ||     2
  Eat: Chunk             ||     1
Armor: Robe              ||     1
Dodge: Dodged            ||     2
